 Dungeon Crawl Stone Soup version 0.30.1 (webtiles) character file.

Game seed: 8200804621619389932

51344 monsoonserge the Cleaver (level 14, 0/116 (126) HPs)
             Began as a Minotaur Fighter on July 6, 2023.
             Was the Champion of Makhleb.
             Slain by a pharaoh ant (8 damage)
             ... on level 1 of the Spider Nest.
             The game lasted 00:54:58 (14533 turns).

monsoonserge the Cleaver (Minotaur Fighter)        Turns: 14533, Time: 00:54:58

HP:   0/116 (126)   AC: 11    Str: 25    XL:     14   Next: 23%
MP:   31/31         EV:  7    Int:  5    God:    Makhleb [******]
Gold: 877           SH: 19    Dex: 11    Spells: 13/13 levels left

rFire   . . .        a - +8 spear of Vanity {spect, rPois MP+9 SInv}
rCold   . . .        V - +2 kite shield
rNeg    . . .        c - +0 plate armour
rPois   +            (helmet restricted)
rElec   .            (no cloak)
rCorr   .            N - +1 pair of gloves
SInv    +            w - +0 pair of boots
Will    +....        K - amulet of reflection Stlth
                     P - +4 ring of protection
HPRegen 0.39/turn    M - +4 ring of protection
MPRegen 0.22/turn

%: reflection
@: corroded, drained, invisible
A: horns 2, retaliatory headbutt
a: Renounce Religion, Minor Destruction, Lesser Servant of Makhleb, Major
Destruction, Greater Servant of Makhleb


You were on level 1 of the Spider Nest.
You worshipped Makhleb.
Makhleb was exalted by your worship.
You visited 4 branches of the dungeon, and saw 18 of its levels.
You also visited: Sewer.

You collected 877 gold pieces.

Inventory:

Hand Weapons
 a - the +8 spear of Vanity (weapon) {spect, rPois MP+9 SInv}
   (You found it on level 2 of the Lair of Beasts)

   rPois:     It protects you from poison.
   MP:        It affects your magic capacity (+9).
   SInv:      It lets you see invisible.
 b - the +9 hand axe of Taudd {holy, rElec Stlth+}
   (You found it on level 3 of the Dungeon)

   rElec:     It insulates you from electricity.
   Stlth:     It makes you more stealthy.
Missiles
 o - a throwing net
 A - 9 boomerangs (quivered)
 D - 12 poisoned darts
 X - 5 curare-tipped darts
 Z - 3 atropa-tipped darts
Armour
 c - a +0 plate armour (worn)
 w - a +0 pair of boots (worn)
 N - a +1 pair of gloves (worn)
 V - a +2 kite shield (worn)
Jewellery
 m - a ring of poison resistance
 p - a ring of protection from cold
 K - an amulet of reflection (around neck)
 M - a +4 ring of protection (right hand)
 P - a +4 ring of protection (left hand)
 S - a ring of resist corrosion
 Y - the ring of Naeg {Fly rC+}
   (You found it on level 4 of the Lair of Beasts)

   [ring of flight]

   rC:        It protects you from cold.
   Fly:       It grants you flight.
Wands
 j - a wand of flame (22)
 y - a wand of digging (5)
 Q - a wand of roots (11)
 U - a wand of paralysis (16)
Scrolls
 e - 3 scrolls of enchant weapon
 f - 3 scrolls of blinking
 g - 3 scrolls of enchant armour
 h - a scroll of brand weapon {unknown}
 k - 2 scrolls of amnesia {unknown}
 l - 6 scrolls of teleportation
 n - 6 scrolls of immolation
 r - 2 scrolls of silence {unknown}
 x - 3 scrolls of fear
 z - a scroll of summoning {unknown}
 C - 4 scrolls of poison
 E - 2 scrolls of vulnerability {unknown}
 G - 2 scrolls of torment {unknown}
 H - 3 scrolls of fog
 O - 3 scrolls of magic mapping {unknown}
Potions
 d - 3 potions of might
 i - 3 potions of attraction
 q - 5 potions of invisibility
 s - 3 potions of haste
 t - 3 potions of lignification
 u - 7 potions of heal wounds
 v - a potion of resistance {unknown}
 B - 4 potions of flight
 F - a potion of cancellation {unknown}
 I - 10 potions of curing
 J - 2 potions of degeneration {unknown}
 L - a potion of berserk rage {unknown}
 T - a potion of magic {unknown}
 W - 2 potions of mutation {unknown}
Miscellaneous
 R - a tin of tremorstones (2/2)


   Skills:
 + Level 12.1 Fighting
 - Level 14.0(14.8) Axes
 - Level 8.0(12.0) Polearms
 + Level 1.8 Throwing
 + Level 11.1 Armour
 + Level 1.0 Dodging
 - Level 1.0 Stealth
 + Level 14.0 Shields
 * Level 12.2 Invocations
 - Level 3.0 Evocations


You had 13 spell levels left.
You didn't know any spells.
Your spell library contained the following spells:

 Spells                   Type           Power      Damage    Failure   Level
 Apportation              Tloc           0%         N/A       100%        1
 Necrotise                Necr           0%         1d4       100%        1
 Summon Small Mammal      Summ           0%         N/A       100%        1
 Sublimation of Blood     Necr           0%         N/A       100%        2
 Wereblood                Tmut           0%         N/A       100%        2
 Portal Projectile        Hex/Tloc       0%         N/A       100%        3
 Anguish                  Hex/Necr       0%         N/A       100%        4
 Leda's Liquefaction      Hex/Erth       0%         N/A       100%        4
 Fireball                 Conj/Fire      0%         3d3       100%        5
 Iskenderun's Battlesphe  Conj           0%         2d6       100%        5
 Conjure Ball Lightning   Conj/Air       0%         3x3d6     100%        6
 Orb of Destruction       Conj           0%         9d5       100%        7
 Summon Hydra             Summ           0%         N/A       100%        7
 Discord                  Hex            0%         N/A       100%        8
 Disjunction              Tloc           0%         N/A       100%        8


Dungeon Overview and Level Annotations

Branches:
Dungeon (11/15)            Temple (1/1) D:4            Lair (5/5) D:9
  Swamp (0/4) Lair:3       Spider (1/4) Lair:3        Slime (0/5) Lair:4
    Orc (0/2) D:9           Sewer (visited)

Altars:
Cheibriados
Makhleb
Sif Muna

Shops:
D:7 [

Portals:
Trove: D:10 (give 6 scrolls of fear)

Annotations:
Lair:4 3 runed translucent doors, Ceyroiss's ghost, journeyman HuWn


Innate Abilities, Weirdness & Mutations

You have a pair of horns on your head.
You reflexively headbutt those who attack you in melee.


Message History

The pharaoh ant is moderately damaged.
The culicivora's many legs skitter faintly.
You hear a faint skittering sound.
Aiming: Minor Destruction (0% risk of failure)
Press: ? - help, Shift-Dir - straight line, f/p - pharaoh ant
Aim: a pharaoh ant (moderately damaged, covered in acid)
The zap hits the pharaoh ant.
The pharaoh ant is moderately damaged.
The jumping spider is healed somewhat.
A tarantella comes into view.
Aiming: Minor Destruction (0% risk of failure)
Press: ? - help, Shift-Dir - straight line, f/p - pharaoh ant
Aim: a pharaoh ant (moderately damaged, covered in acid)
Okay, then.
You hit the pharaoh ant. You headbutt the pharaoh ant.
The pharaoh ant is heavily damaged.
Your +8 spear of Vanity {spect, rPois MP+9 SInv} hits the pharaoh ant.
You block the pharaoh ant's attack.
You completely miss the pharaoh ant.
The pharaoh ant is heavily damaged.
Your +8 spear of Vanity {spect, rPois MP+9 SInv} hits the pharaoh ant but does no damage.
The pharaoh ant bites you!!
Unknown command.
You hit the pharaoh ant but do no damage.
Your headbutt misses the pharaoh ant.
The pharaoh ant is heavily damaged.
Your +8 spear of Vanity {spect, rPois MP+9 SInv} hits the pharaoh ant!
The pharaoh ant bites you!!
You feel drained.
* * * LOW HITPOINT WARNING * * *
Unknown command.
Okay, then.
You fade into invisibility!
Your +8 spear of Vanity {spect, rPois MP+9 SInv} disappears.
You block the pharaoh ant's attack.
You see here a redback corpse.
The pharaoh ant is no longer covered in acid.
The pharaoh ant bites you!!
* * * LOW HITPOINT WARNING * * *
You feel drained.
You die...

#..........^...
#..............
###..............
##........>.^.....
##...##....#.......
#...###...s........
##.#####..ss.......
##....###.B..#.....
##....###.@..##
.... ...
#....####...## .
#... #...####....#
##..##...........#
.......#........##
......#..........##
##...#...........#
#............#.##
###.............#


You could see a culicivora (unable to see you), a pharaoh ant (unable to see
you), a jumping spider (unable to see you) and a tarantella (unable to see you).

Vanquished Creatures
  2 hydras
  An entropy weaver (Spider:1)
  2 boulder beetles (Lair:5)
  A two-headed ogre (D:10)
  12 death yaks
  2 skysharks
  3 pharaoh ants
  A steelbarb worm (Spider:1)
  2 wolf spiders (Spider:1)
  2 cyclopes (D:7)
  A manticore (D:7)
  8 elephants
  3 torpor snails (Lair:5)
  A guardian serpent (shapeshifter) (Lair:5)
  A black mamba (Lair:2)
  14 cane toads
  A demonic crawler (Spider:1)
  A kobold demonologist (D:9)
  7 komodo dragons
  3 rime drakes
  5 polar bears
  3 trolls
  21 blink frogs
  2 tarantellas (Spider:1)
  3 tyrant leeches (Lair:3)
  4 hornets
  3 jumping spiders
  Sigmund (D:5)
  A shadow (D:6)
  4 humans (D:9)
  A wraith (D:10)
  39 yaks
  A basilisk (Lair:2)
  2 wyverns
  A small abomination (Lair:5)
  10 redbacks
  A vampire mosquito (D:6)
  2 swamp worms (Lair:3)
  An acid dragon (D:7)
  12 water moccasins
  2 orc warriors (D:9)
  A sky beast (D:7)
  3 ice beasts (D:9)
  A black bear (Lair:1)
  2 ogres
  A centaur (D:10)
  17 wolves
  A phantom (D:7)
  A kobold brigand (D:9)
  Blork the orc (D:5)
  14 bullfrogs
  4 scorpions
  2 gnoll sergeants (D:8)
  3 wights (D:9)
  3 killer bees (D:4)
  3 howler monkeys (D:7)
  2 lava snakes (D:8)
  A hound (D:4)
  6 jellies
  3 orc priests
  3 iguanas
  7 orc wizards
  2 sleepcaps
  Natasha (D:3)
  Robin (D:4)
  12 gnolls
  6 adders
  3 river rats (Sewer)
  5 white imps
  An ufetubus (D:6)
  A worm (D:3)
  5 dart slugs
  29 orcs
  3 bats
  14 endoplasms
  9 giant cockroaches
  16 goblins
  10 hobgoblins
  A jackal (D:2)
  9 quokkas
  10 ball pythons
  6 frilled lizards
  10 kobolds
  8 rats
428 creatures vanquished.

Vanquished Creatures (collateral kills)
  A boulder beetle (D:7)
  2 elephants (Lair:5)
  2 yaks (Lair:5)
5 creatures vanquished.

Vanquished Creatures (others)
  3 spectral weapons
3 creatures vanquished.

Grand Total: 436 creatures vanquished

Notes
Turn   | Place    | Note
-------+----------+-------------------------------------------
     0 | D:1      | monsoonserge the Minotaur Fighter began the quest for the
                  | Orb.
     0 | D:1      | Reached XP level 1. HP: 19/19 MP: 0/0
   158 | D:1      | You fall into a shaft and drop 1 floor!
   278 | D:2      | Reached XP level 2. HP: 27/27 MP: 1/1
   814 | D:2      | Reached XP level 3. HP: 33/33 MP: 2/2
  1573 | D:3      | Reached XP level 4. HP: 41/41 MP: 3/3
  1596 | D:3      | Identified the +9 hand axe of Taudd {holy, rElec Stlth+}
  1750 | D:3      | Noticed Natasha
  1757 | D:3      | Killed Natasha
  1989 | D:3      | Found a burning altar of Makhleb.
  2025 | D:3      | Became a worshipper of Makhleb the Destroyer
  2265 | D:4      | Reached XP level 5. HP: 47/47 MP: 4/4
  2358 | D:4      | Reached skill level 5 in Axes
  2498 | D:4      | Found a glowing drain.
  2517 | Sewer    | Entered a sewer
  2556 | Sewer    | Reached skill level 5 in Armour
  2572 | Sewer    | Reached * piety under Makhleb
  2573 | Sewer    | Reached XP level 6. HP: 55/55 MP: 5/5
  2609 | Sewer    | Reached skill level 1 in Dodging
  2639 | Sewer    | Reached skill level 5 in Fighting
  2669 | Sewer    | Found a viscous altar of Jiyva.
  2825 | D:4      | Found a staircase to the Ecumenical Temple.
  2826 | D:4      | Noticed Robin
  2842 | D:4      | Killed Robin
  2861 | Temple   | Entered the Ecumenical Temple
  2895 | D:4      | Reached ** piety under Makhleb
  2906 | D:4      | Reached XP level 7. HP: 29/61 MP: 6/6
  3845 | D:5      | Entered Level 5 of the Dungeon
  3851 | D:5      | Noticed Sigmund
  4028 | D:5      | Noticed Blork the orc
  4034 | D:5      | Killed Blork the orc
  4241 | D:6      | Reached skill level 1 in Invocations
  4241 | D:6      | Reached XP level 8. HP: 63/70 MP: 7/7
  4503 | D:6      | Found a shimmering blue altar of Sif Muna.
  5060 | D:7      | Noticed a troll
  5063 | D:7      | Noticed a cyclops
  5065 | D:7      | Noticed a cyclops
  5094 | D:6      | Reached skill level 5 in Shields
  5097 | D:6      | Killed a troll
  5098 | D:6      | Reached skill level 1 in Throwing
  5173 | D:5      | Killed Sigmund
  5176 | D:5      | Reached XP level 9. HP: 78/78 MP: 10/10
  5621 | D:7      | Noticed an animated pearl dragon scales
  5623 | D:7      | Found Bunuoxt's Armour Shoppe.
  5625 | D:7      | Noticed an animated storm dragon scales
  5649 | D:7      | Reached skill level 10 in Axes
  5653 | D:7      | Reached *** piety under Makhleb
  5658 | D:7      | Killed a cyclops
  5662 | D:7      | Noticed a manticore
  5671 | D:7      | Killed a manticore
  5672 | D:7      | Reached skill level 5 in Invocations
  5760 | D:7      | Noticed a boulder beetle
  5780 | D:7      | Killed a boulder beetle
  5783 | D:7      | Killed a cyclops
  5784 | D:7      | Reached XP level 10. HP: 59/88 MP: 11/13
  6344 | D:8      | Paralysed by a hornet for 2 turns
  6355 | D:8      | Reached skill level 1 in Stealth
  7024 | D:8      | Reached skill level 1 in Evocations
  7459 | D:9      | Found a staircase to the Orcish Mines.
  7476 | D:9      | Reached **** piety under Makhleb
  7634 | D:9      | Found a staircase to the Lair.
  7878 | D:9      | Reached XP level 11. HP: 95/95 MP: 15/15
  7983 | D:10     | Entered Level 10 of the Dungeon
  8097 | D:10     | Identified the +8 dagger of Qokyon {heavy, *Corrode Dex+9}
  8413 | D:10     | Found a portal to a secret trove of treasure.
  8634 | D:11     | Noticed a two-headed ogre
  8651 | D:10     | Killed a two-headed ogre
  8652 | D:10     | Reached skill level 10 in Shields
  8709 | Lair:1   | Entered Level 1 of the Lair of Beasts
  9075 | Lair:1   | Reached ***** piety under Makhleb
  9256 | Lair:1   | Reached XP level 12. HP: 106/106 MP: 17/17
  9704 | Lair:2   | Identified the +8 spear of Vanity {spect, rPois MP+9 SInv}
  9741 | Lair:1   | Reached skill level 10 in Fighting
 10634 | Lair:3   | Found a hole to the Spider Nest.
 10903 | Lair:3   | Got the Secrets of Obstruction
 11040 | Lair:3   | Found a staircase to the Swamp.
 11077 | Lair:3   | Reached skill level 1 in Polearms
 11856 | Lair:4   | Identified the ring of Naeg {Fly rC+}
 11892 | Lair:4   | Reached XP level 13. HP: 116/116 MP: 19/19
 11959 | Lair:4   | You fall into a shaft and drop 1 floor!
 11959 | Lair:5   | Entered Level 5 of the Lair of Beasts
 12019 | Lair:5   | Reached skill level 10 in Invocations
 12298 | Lair:4   | Found a runed translucent gate.
 12299 | Lair:4   | Found a runed translucent gate.
 12299 | Lair:4   | Found a runed translucent gate.
 12332 | Lair:4   | Reached skill level 5 in Polearms
 12390 | Lair:4   | Noticed Ceyroiss's ghost (journeyman HuWn)
 12414 | Lair:4   | Found a staircase to the Slime Pits.
 13202 | Lair:4   | Reached skill level 10 in Armour
 13422 | Lair:5   | Found a snail-covered altar of Cheibriados.
 14007 | Lair:5   | Reached XP level 14. HP: 125/125 MP: 21/21
 14028 | Lair:5   | Reached ****** piety under Makhleb
 14180 | Spider:1 | Entered Level 1 of the Spider Nest
 14533 | Spider:1 | Slain by a pharaoh ant

Illustrated notes

Levels and vault maps discovered:
D:1:      nzn_arrival_water_spiral, layout_loops_ring, minmay_tall_x
D:2:      layout_loops_ring, serial_bayou_ford_a, minmay_joined_circles
D:3:      layout_loops_ring, mainiacjoe_overflow_alcove_1, uniq_natasha
D:4:      layout_layer_cave, minmay_temple_entry_statues_pillars,
          portal_sewer_entry_f, nicolae_kite_square_tiling_tiny,
          kennysheep_donut, uniq_robin
D:5:      layout_rooms, uniq_sigmund, uniq_blork_the_orc
D:6:      layout_basic, kennysheep_mini_moat
D:7:      minmay_blocky_corners, layout_gridville, serial_shops,
          nicolae_shop_mannequins
D:8:      layout_loops_cross, grunt_decor_junction
D:9:      layout_rooms, hellmonk_lair_entry_icy, minmay_ruffians
D:10:     layout_roguey, enter_trove_3
D:11:     layout_irregular_city, nrook_guardian_serpent_ordinary, uniq_lodul
Temple:   nicolae_temple_slightly_damp_pantheon
Lair:1:   layout_loops_ring, beast_lair_carwin_7, grunt_megastairs_2
Lair:2:   layout_cave_pods, pdpol_lair_neglected_garden
Lair:3:   layout_cave_pods, minmay_swamp_entry_worms,
          nicolae_spider_entry_lesser_pyramids, serial_bayou_shore_b
Lair:4:   layout_cave_pods, slime_entry_1, ebering_ghost_rock_garden,
          grunt_megastairs_1
Lair:5:   hellmonk_lair_end_abyssal_woods, layout_big_grid,
          kennysheep_snail_temple, grunt_megastairs_5
Spider:1: layout_spider_delve, hangedman_spider_tarantella_strand

Skill      XL: |  1  2  3  4  5  6  7  8  9 10 11 12 13 14 |
---------------+-------------------------------------------+-----
Fighting       | 4 5 6 7 8 9 11 12 | 12.1
Armour         | 4 5 6 7 9 10 11 | 11.1
Shields        | 4 5 7 9 11 13 14 | 14.0
Axes           | 3 4 5 6 8 9 11 12 13 14 | 14.0
Dodging        | 1 |  1.0
Invocations    | 1 3 5 7 8 9 11 12 | 12.2
Throwing       | 1 |  1.8
Stealth        | 1 |  1.0
Evocations     | 2 3 |  3.0
Polearms       | 3 8 |  8.0

Action                     |  1- 3 |  4- 6 |  7- 9 | 10-12 | 13-15 || total
---------------------------+-------+-------+-------+-------+-------++-------
  Melee: War axe           |    49 |       |       |       |       ||    49
         Headbutt          |     8 |    11 |    32 |   159 |   115 ||   325
         Hand axe          |    44 |   116 |   139 |   519 |     6 ||   824
         Spear             |       |       |       |   107 |   409 ||   516
  Throw: Boomerang         |       |       |     3 |       |    11 ||    14
 Invoke: Minor Destruction |       |       |     8 |    26 |    57 ||    91
         Lesser Servant of |       |       |     2 |       |     2 ||     4
    Use: Scroll            |       |       |       |    13 |     3 ||    16
         Potion            |       |       |       |       |     2 ||     2
   Stab: Distracted        |       |       |       |     1 |     8 ||     9
 Armour: Scale mail        |    38 |     1 |       |       |       ||    39
         Chain mail        |       |    38 |    59 |    56 |       ||   153
         Plate armour      |       |       |       |   123 |    99 ||   222
  Dodge: Dodged            |    48 |    58 |    41 |    85 |    44 ||   276
  Block: Buckler           |    19 |    17 |    59 |    22 |       ||   117
         Reflection        |       |       |     3 |     5 |       ||     8
         Kite shield       |       |       |       |   416 |   222 ||   638
